[ AOE2 MATCH · #476392907 ]
Team RMBurgundians vs Ethiopians
[ REPLAY ANALYSIS · EXTRACTED FROM THE RECORDED GAME ]
Feudal
12:26
Castle
16:17
Imperial
—
| APM avg | 24.3 |
| APM peak | 43 |
| eAPM avg | 12.7 |
| Villagers / military | 114 / 41 |
Focus
⚔️ 23.2% · 🌾 76.8%
Knight ×23 · Skirmisher ×10 · Spearman ×6 · Archer ×2
Feudal
9:40
Castle
23:50
Imperial
—
| APM avg | 43.8 |
| APM peak | 78 |
| eAPM avg | 20.7 |
| Villagers / military | 100 / 111 |
Focus
⚔️ 43.0% · 🌾 57.0%
Archer ×110 · Skirmisher ×1
Feudal
9:44
Castle
22:24
Imperial
—
| APM avg | 54.5 |
| APM peak | 96 |
| eAPM avg | 27.8 |
| Villagers / military | 82 / 83 |
Focus
⚔️ 55.7% · 🌾 44.3%
Knight ×71 · Scout Cavalry ×12
Feudal
10:02
Castle
26:10
Imperial
—
| APM avg | 51.9 |
| APM peak | 109 |
| eAPM avg | 21.1 |
| Villagers / military | 124 / 134 |
Focus
⚔️ 40.3% · 🌾 59.7%
Knight ×89 · Scout Cavalry ×45
Feudal
10:06
Castle
30:11
Imperial
—
| APM avg | 55.0 |
| APM peak | 120 |
| eAPM avg | 24.7 |
| Villagers / military | 74 / 89 |
Focus
⚔️ 39.2% · 🌾 60.8%
Archer ×84 · Militia ×5
Feudal
9:36
Castle
21:46
Imperial
37:11
| APM avg | 48.8 |
| APM peak | 109 |
| eAPM avg | 18.1 |
| Villagers / military | 115 / 77 |
Focus
⚔️ 26.7% · 🌾 73.3%
Archer ×69 · Battering Ram ×5 · Trebuchet (Packed) ×3
Feudal
11:27
Castle
16:10
Imperial
—
| APM avg | 25.9 |
| APM peak | 55 |
| eAPM avg | 14.5 |
| Villagers / military | 80 / 13 |
Focus
⚔️ 22.9% · 🌾 77.1%
Camel Scout ×4 · Steppe Lancer ×4 · Knight ×3 · Spearman ×2
Feudal
8:56
Castle
23:03
Imperial
—
| APM avg | 30.7 |
| APM peak | 66 |
| eAPM avg | 20.7 |
| Villagers / military | 108 / 67 |
Focus
⚔️ 52.7% · 🌾 47.3%
Knight ×49 · Scout Cavalry ×18
Match map
Initial resources + every placement click. Lines = walls · curves = elevation contours. ◆ gold · ⬟ stone · ● berries · ✦ relic · ◌ wall gap
Your base· Open — 13t gap
Zargo's base· ✓ Closed at 23:50 · 52t walls · 3 gate(s)
Rosse SinClan's base· Open — 4t gap
Muniz's base· ✓ Closed at 26:10 · 40t walls · 1 gate(s)
NT_Kinzhal1997's base· Open — 1t gap
NT_Tiberius's base· ✓ Closed at 21:46 · 32t walls · 2 gate(s)
Fighter Kite's base· Open — unwalled flank
MCLovin's base· Open — 6t gap
Smoothed initial terrain · ◌ = detected wall gap · hover for details
Inputs per minute
— Andytime - - Zargo
Build order — Andytime
First 150 of 233 actions detected
| 0:01 | Create | Villager (Male) |
| 0:01 | Create | Villager (Male) |
| 0:04 | Build | House |
| 0:05 | Build | House |
| 0:25 | Create | Villager (Male) |
| 0:26 | Create | Villager (Male) |
| 0:26 | Create | Villager (Male) |
| 1:29 | Create | Villager (Male) |
| 1:30 | Create | Villager (Male) |
| 1:58 | Create | Villager (Male) |
| 1:59 | Create | Villager (Male) |
| 2:12 | Build | Lumber Camp |
| 2:38 | Create | Villager (Male) |
| 2:39 | Create | Villager (Male) |
| 2:54 | Research | Double-Bit Axe |
| 3:19 | Create | Villager (Male) |
| 3:20 | Create | Villager (Male) |
| 3:42 | Create | Villager (Male) |
| 3:42 | Create | Villager (Male) |
| 4:07 | Create | Villager (Male) |
| 4:07 | Create | Villager (Male) |
| 4:31 | Create | Villager (Male) |
| 4:32 | Create | Villager (Male) |
| 4:32 | Create | Villager (Male) |
| 4:40 | Build | House |
| 5:20 | Build | House |
| 5:35 | Create | Villager (Male) |
| 5:35 | Create | Villager (Male) |
| 5:55 | Create | Villager (Male) |
| 5:55 | Create | Villager (Male) |
| 5:59 | Build | House |
| 6:36 | Create | Villager (Male) |
| 6:37 | Create | Villager (Male) |
| 7:14 | Create | Villager (Male) |
| 7:14 | Create | Villager (Male) |
| 7:42 | Create | Villager (Male) |
| 8:00 | Create | Villager (Male) |
| 8:00 | Create | Villager (Male) |
| 8:09 | Build | Mill |
| 9:36 | Build | Mining Camp |
| 9:50 | Research | Loom |
| 10:01 | Build | Barracks |
| 10:09 | Research | Feudal Age |
| 10:54 | Build | House |
| 10:55 | Build | House |
| 11:08 | Build | Palisade Wall |
| 12:26 | Age | Feudal Age |
| 12:29 | Create | Villager (Male) |
| 12:29 | Create | Villager (Male) |
| 12:31 | Build | Blacksmith |
| 12:35 | Build | Archery Range |
| 13:16 | Create | Archer |
| 13:17 | Create | Archer |
| 13:20 | Build | House |
| 13:23 | Build | House |
| 13:26 | Build | House |
| 13:37 | Research | Castle Age |
| 13:40 | Create | Skirmisher |
| 13:41 | Create | Skirmisher |
| 13:41 | Create | Skirmisher |
| 14:13 | Create | Skirmisher |
| 14:19 | Build | Farm |
| 14:32 | Create | Skirmisher |
| 14:35 | Create | Spearman |
| 14:35 | Create | Spearman |
| 14:41 | Build | Farm |
| 15:06 | Build | Lumber Camp |
| 15:27 | Build | House |
| 15:32 | Create | Skirmisher |
| 15:32 | Create | Skirmisher |
| 15:55 | Build | House |
| 16:01 | Build | Farm |
| 16:13 | Build | Watch Tower |
| 16:17 | Age | Castle Age |
| 16:59 | Create | Spearman |
| 16:59 | Create | Spearman |
| 17:00 | Create | Villager (Male) |
| 17:00 | Create | Villager (Male) |
| 17:13 | Build | Mining Camp |
| 17:19 | Build | Farm |
| 17:20 | Build | Farm |
| 17:21 | Build | Farm |
| 17:32 | Build | Farm |
| 17:34 | Build | Farm |
| 17:42 | Create | Villager (Male) |
| 17:42 | Create | Villager (Male) |
| 17:55 | Build | Farm |
| 18:24 | Create | Villager (Male) |
| 18:29 | Build | Farm |
| 18:46 | Create | Villager (Male) |
| 18:46 | Create | Villager (Male) |
| 19:01 | Build | Town Center |
| 19:11 | Research | Padded Archer Armor |
| 19:34 | Create | Skirmisher |
| 19:34 | Create | Skirmisher |
| 20:07 | Create | Villager (Male) |
| 20:07 | Create | Villager (Male) |
| 20:10 | Create | Spearman |
| 20:11 | Create | Spearman |
| 20:34 | Create | Villager (Male) |
| 20:34 | Create | Villager (Male) |
| 20:34 | Create | Villager (Male) |
| 20:43 | Build | Farm |
| 20:45 | Build | Farm |
| 20:47 | Build | Farm |
| 20:58 | Build | Farm |
| 21:01 | Create | Villager (Male) |
| 21:02 | Create | Villager (Male) |
| 21:02 | Create | Villager (Male) |
| 21:07 | Build | Farm |
| 21:19 | Create | Villager (Male) |
| 21:19 | Create | Villager (Male) |
| 21:23 | Build | Farm |
| 21:25 | Build | Farm |
| 21:32 | Build | Farm |
| 21:34 | Create | Villager (Male) |
| 21:34 | Create | Villager (Male) |
| 21:39 | Build | House |
| 21:40 | Build | House |
| 21:43 | Build | House |
| 21:45 | Create | Villager (Male) |
| 21:45 | Create | Villager (Male) |
| 21:45 | Create | Villager (Male) |
| 21:51 | Build | House |
| 21:53 | Build | House |
| 21:55 | Build | House |
| 21:55 | Build | House |
| 21:58 | Create | Villager (Male) |
| 21:58 | Create | Villager (Male) |
| 22:19 | Create | Skirmisher |
| 22:21 | Create | Villager (Male) |
| 22:21 | Create | Villager (Male) |
| 22:21 | Create | Villager (Male) |
| 22:33 | Build | Stable |
| 22:38 | Create | Villager (Male) |
| 22:39 | Create | Villager (Male) |
| 23:02 | Create | Villager (Male) |
| 23:02 | Create | Villager (Male) |
| 23:02 | Create | Villager (Male) |
| 23:26 | Build | Town Center |
| 23:29 | Create | Villager (Male) |
| 23:29 | Create | Villager (Male) |
| 23:37 | Create | Villager (Male) |
| 23:38 | Create | Villager (Male) |
| 23:58 | Create | Villager (Male) |
| 24:14 | Create | Villager (Male) |
| 24:22 | Create | Knight |
| 24:24 | Create | Knight |
| 24:59 | Create | Villager (Male) |
| 25:01 | Research | Scale Barding Armor |
Build order — Zargo
First 150 of 331 actions detected
| 0:01 | Create | Villager (Male) ×4 |
| 0:02 | Build | House |
| 0:04 | Build | House |
| 1:20 | Create | Villager (Male) |
| 1:21 | Create | Villager (Male) |
| 1:40 | Build | Lumber Camp |
| 1:49 | Create | Villager (Male) |
| 1:49 | Create | Villager (Male) |
| 2:10 | Create | Villager (Male) |
| 2:11 | Create | Villager (Male) |
| 2:36 | Create | Villager (Male) |
| 2:36 | Create | Villager (Male) |
| 3:00 | Create | Villager (Male) |
| 3:01 | Create | Villager (Male) |
| 3:01 | Create | Villager (Male) |
| 3:36 | Build | House |
| 3:53 | Create | Villager (Male) |
| 3:54 | Create | Villager (Male) |
| 3:58 | Build | Mill |
| 4:08 | Create | Villager (Male) |
| 4:08 | Create | Villager (Male) |
| 4:21 | Create | Villager (Male) |
| 4:21 | Create | Villager (Male) |
| 5:06 | Create | Villager (Male) |
| 5:24 | Create | Villager (Male) |
| 5:24 | Create | Villager (Male) |
| 5:24 | Create | Villager (Male) |
| 5:49 | Build | House |
| 5:50 | Build | Palisade Wall |
| 6:40 | Create | Villager (Male) |
| 7:05 | Research | Loom |
| 7:10 | Build | Mining Camp |
| 7:30 | Research | Feudal Age |
| 7:30 | Research | Feudal Age |
| 7:56 | Build | House |
| 7:57 | Build | Palisade Wall |
| 8:27 | Build | Barracks |
| 8:58 | Build | Palisade Wall |
| 9:38 | Create | Villager (Male) |
| 9:38 | Create | Villager (Male) |
| 9:40 | Age | Feudal Age |
| 10:07 | Build | Archery Range |
| 10:12 | Build | Blacksmith |
| 10:15 | Create | Villager (Male) |
| 10:28 | Build | Palisade Wall |
| 10:30 | Build | Palisade Wall |
| 10:31 | Build | Palisade Wall |
| 10:37 | Build | Palisade Wall |
| 10:38 | Build | Palisade Wall |
| 10:44 | Build | Palisade Wall |
| 10:54 | Build | House |
| 10:56 | Build | House |
| 10:58 | Build | Palisade Wall |
| 11:03 | Build | Palisade Wall |
| 11:11 | Create | Archer |
| 11:11 | Create | Archer |
| 11:42 | Research | Fletching |
| 11:59 | Build | House |
| 12:22 | Create | Villager (Male) |
| 12:22 | Create | Villager (Male) |
| 12:23 | Create | Archer |
| 12:23 | Create | Archer |
| 12:42 | Research | Double-Bit Axe |
| 12:43 | Research | Double-Bit Axe |
| 12:43 | Research | Double-Bit Axe |
| 13:05 | Create | Villager (Male) |
| 13:15 | Build | House |
| 13:19 | Build | Palisade Wall |
| 13:20 | Create | Villager (Male) |
| 13:25 | Build | Archery Range |
| 13:45 | Create | Archer |
| 13:46 | Create | Villager (Male) |
| 14:05 | Create | Archer |
| 14:05 | Create | Villager (Male) |
| 14:26 | Create | Villager (Male) |
| 14:27 | Create | Archer |
| 14:27 | Create | Archer |
| 14:48 | Create | Archer |
| 14:48 | Create | Archer |
| 14:50 | Build | House |
| 14:56 | Create | Villager (Male) |
| 15:08 | Build | Market |
| 15:09 | Build | House |
| 15:12 | Build | Palisade Wall |
| 15:14 | Build | Palisade Wall |
| 15:19 | Create | Archer |
| 15:19 | Create | Archer |
| 15:21 | Create | Villager (Male) |
| 15:38 | Create | Archer |
| 15:54 | Create | Archer |
| 16:13 | Build | Farm |
| 16:15 | Build | Farm |
| 16:15 | Create | Villager (Male) |
| 16:16 | Create | Villager (Male) |
| 16:18 | Create | Archer |
| 16:27 | Create | Archer |
| 16:27 | Create | Archer |
| 16:48 | Build | Palisade Gate |
| 16:51 | Build | House |
| 16:56 | Create | Villager (Male) |
| 17:02 | Build | Farm |
| 17:03 | Build | Farm |
| 17:29 | Create | Archer |
| 17:29 | Create | Archer |
| 17:36 | Create | Villager (Male) |
| 17:39 | Build | House |
| 17:43 | Build | Farm |
| 17:43 | Build | Farm |
| 17:43 | Build | Farm |
| 17:44 | Build | Farm |
| 17:56 | Create | Villager (Male) |
| 18:02 | Create | Villager (Male) |
| 18:10 | Create | Archer |
| 18:10 | Create | Archer |
| 18:11 | Create | Villager (Male) |
| 18:22 | Build | Palisade Gate |
| 18:28 | Create | Archer |
| 18:41 | Build | Palisade Wall |
| 18:44 | Create | Archer |
| 18:44 | Create | Archer |
| 19:00 | Create | Archer |
| 19:01 | Create | Archer |
| 19:25 | Create | Villager (Male) |
| 19:25 | Create | Villager (Male) |
| 19:35 | Build | Farm |
| 19:48 | Create | Archer |
| 19:54 | Build | House |
| 19:57 | Build | House |
| 20:12 | Create | Archer |
| 20:12 | Create | Archer |
| 20:40 | Build | Farm |
| 20:45 | Build | Farm |
| 20:52 | Build | Lumber Camp |
| 20:58 | Build | Farm |
| 21:01 | Build | Farm |
| 21:10 | Research | Castle Age |
| 21:10 | Research | Castle Age |
| 21:51 | Create | Archer |
| 21:52 | Create | Archer |
| 21:56 | Build | House |
| 22:09 | Build | Farm |
| 22:34 | Research | Padded Archer Armor |
| 22:36 | Create | Archer |
| 22:36 | Create | Archer |
| 23:00 | Build | Palisade Gate |
| 23:03 | Create | Archer |
| 23:03 | Create | Archer |
| 23:04 | Create | Villager (Male) |
| 23:29 | Create | Archer |
| 23:29 | Create | Archer |
Build order — Rosse SinClan
First 150 of 285 actions detected
| 0:02 | Create | Villager (Male) |
| 0:02 | Create | Villager (Male) |
| 0:02 | Create | Villager (Male) |
| 0:03 | Create | Villager (Male) |
| 0:04 | Build | House |
| 0:06 | Build | House |
| 1:33 | Create | Villager (Male) |
| 2:14 | Create | Villager (Male) |
| 3:01 | Create | Villager (Male) |
| 3:02 | Create | Villager (Male) |
| 3:43 | Build | Lumber Camp |
| 3:49 | Create | Villager (Male) |
| 3:51 | Create | Villager (Male) |
| 3:51 | Create | Villager (Male) |
| 3:51 | Create | Villager (Male) |
| 4:52 | Build | House |
| 5:07 | Create | Villager (Male) |
| 5:08 | Create | Villager (Male) |
| 5:14 | Create | Villager (Male) |
| 5:14 | Create | Villager (Male) |
| 5:46 | Build | Mill |
| 5:53 | Create | Villager (Male) |
| 5:53 | Create | Villager (Male) |
| 6:35 | Create | Villager (Male) |
| 6:44 | Research | Loom |
| 7:27 | Research | Feudal Age |
| 7:52 | Create | Villager (Male) |
| 8:25 | Build | House |
| 9:19 | Build | Barracks |
| 9:44 | Age | Feudal Age |
| 9:50 | Research | Double-Bit Axe |
| 9:58 | Build | Stable |
| 10:20 | Create | Villager (Male) |
| 10:21 | Create | Villager (Male) |
| 10:33 | Create | Scout Cavalry |
| 10:36 | Create | Scout Cavalry |
| 10:52 | Build | Blacksmith |
| 10:59 | Create | Scout Cavalry |
| 11:01 | Create | Scout Cavalry |
| 11:12 | Build | House |
| 11:16 | Create | Villager (Male) |
| 11:28 | Create | Scout Cavalry |
| 11:45 | Create | Scout Cavalry |
| 11:49 | Build | House |
| 11:52 | Build | Palisade Wall |
| 11:55 | Create | Scout Cavalry |
| 11:59 | Create | Villager (Male) |
| 12:09 | Build | Farm |
| 12:09 | Build | Farm |
| 12:09 | Build | Farm |
| 12:10 | Build | Farm |
| 12:24 | Build | Farm |
| 12:26 | Create | Scout Cavalry |
| 12:30 | Create | Villager (Male) |
| 12:51 | Build | House |
| 12:56 | Build | Palisade Wall |
| 12:57 | Build | Palisade Wall |
| 12:59 | Build | Palisade Wall |
| 12:59 | Create | Villager (Male) |
| 13:07 | Build | Farm |
| 13:07 | Build | Farm |
| 13:07 | Create | Villager (Male) |
| 13:22 | Create | Scout Cavalry |
| 13:35 | Create | Villager (Male) |
| 13:40 | Build | Farm |
| 13:40 | Build | Farm |
| 13:40 | Build | Farm |
| 13:53 | Create | Scout Cavalry |
| 14:01 | Build | Farm |
| 14:01 | Build | Farm |
| 14:01 | Build | Farm |
| 14:02 | Build | Farm |
| 14:05 | Build | Farm |
| 14:05 | Build | Farm |
| 14:43 | Build | Farm |
| 14:43 | Build | Farm |
| 14:43 | Build | Farm |
| 14:44 | Create | Villager (Male) |
| 15:12 | Create | Scout Cavalry |
| 15:36 | Create | Villager (Male) |
| 15:36 | Create | Villager (Male) |
| 15:36 | Create | Villager (Male) |
| 15:39 | Build | Farm |
| 15:39 | Build | Farm |
| 15:39 | Build | Farm |
| 15:42 | Build | House |
| 15:47 | Build | House |
| 15:49 | Build | House |
| 16:20 | Create | Scout Cavalry |
| 16:23 | Build | House |
| 16:24 | Create | Villager (Male) |
| 16:37 | Build | Farm |
| 16:37 | Build | Farm |
| 16:37 | Build | Farm |
| 16:37 | Build | Farm |
| 16:38 | Build | Farm |
| 16:38 | Build | Farm |
| 16:38 | Build | Farm |
| 16:57 | Build | Lumber Camp |
| 17:33 | Build | Farm |
| 17:34 | Build | Farm |
| 17:34 | Build | Farm |
| 17:52 | Create | Villager (Male) |
| 17:57 | Build | Mining Camp |
| 18:31 | Build | Farm |
| 19:07 | Create | Villager (Male) |
| 19:12 | Build | Market |
| 19:44 | Research | Castle Age |
| 20:56 | Build | Stable |
| 21:06 | Build | Stable |
| 21:08 | Build | Stable |
| 21:11 | Create | Villager (Male) |
| 21:15 | Build | Palisade Gate |
| 21:27 | Research | Scale Barding Armor |
| 21:34 | Research | Gold Mining |
| 21:34 | Research | Gold Mining |
| 21:38 | Create | Villager (Male) |
| 22:24 | Age | Castle Age |
| 22:27 | Create | Knight |
| 22:27 | Create | Knight |
| 22:28 | Create | Knight |
| 22:31 | Research | Bow Saw |
| 22:43 | Build | Farm |
| 22:50 | Create | Villager (Male) |
| 23:07 | Build | Town Center |
| 23:10 | Create | Villager (Male) |
| 23:13 | Create | Knight |
| 23:13 | Create | Knight |
| 23:14 | Create | Knight |
| 23:26 | Research | Light Cavalry (upgrade) |
| 23:46 | Create | Knight |
| 23:55 | Build | House |
| 24:00 | Build | Lumber Camp |
| 24:02 | Create | Knight |
| 24:03 | Create | Knight |
| 24:06 | Create | Knight |
| 24:21 | Create | Knight |
| 24:42 | Create | Knight |
| 25:00 | Create | Villager (Male) |
| 25:00 | Create | Villager (Male) |
| 25:05 | Create | Knight |
| 25:28 | Create | Knight |
| 25:37 | Create | Villager (Male) |
| 25:45 | Create | Knight |
| 26:03 | Create | Knight |
| 26:05 | Create | Villager (Male) |
| 26:05 | Create | Villager (Male) |
| 26:32 | Create | Knight |
| 26:33 | Create | Villager (Male) |
| 26:33 | Create | Villager (Male) |
Build order — Muniz
First 150 of 394 actions detected
| 0:01 | Create | Villager (Male) |
| 0:02 | Build | House |
| 0:04 | Build | House |
| 0:04 | Create | Villager (Male) |
| 0:05 | Create | Villager (Male) |
| 0:05 | Create | Villager (Male) |
| 0:05 | Create | Villager (Male) |
| 1:24 | Create | Villager (Male) |
| 1:24 | Create | Villager (Male) |
| 1:24 | Create | Villager (Male) |
| 2:04 | Create | Villager (Male) |
| 2:04 | Create | Villager (Male) |
| 2:10 | Build | Lumber Camp |
| 2:19 | Create | Villager (Male) |
| 2:53 | Create | Villager (Male) |
| 2:54 | Create | Villager (Male) |
| 3:10 | Build | House |
| 3:11 | Create | Villager (Male) |
| 3:11 | Create | Villager (Male) |
| 3:44 | Build | House |
| 3:47 | Create | Villager (Male) |
| 3:47 | Create | Villager (Male) |
| 4:06 | Create | Villager (Male) |
| 4:06 | Create | Villager (Male) |
| 4:24 | Build | Mill |
| 4:56 | Create | Villager (Male) |
| 4:56 | Create | Villager (Male) |
| 5:31 | Create | Villager (Male) |
| 5:31 | Create | Villager (Male) |
| 5:47 | Create | Villager (Male) |
| 5:47 | Create | Villager (Male) |
| 5:52 | Create | Villager (Male) |
| 5:52 | Create | Villager (Male) |
| 6:31 | Create | Villager (Male) |
| 6:31 | Create | Villager (Male) |
| 7:52 | Research | Feudal Age |
| 7:52 | Research | Feudal Age |
| 8:21 | Create | Villager (Male) |
| 8:26 | Build | Lumber Camp |
| 8:36 | Build | Barracks |
| 8:49 | Create | Villager (Male) |
| 9:03 | Research | Loom |
| 9:04 | Create | Villager (Male) |
| 9:21 | Build | Palisade Wall |
| 9:35 | Create | Villager (Male) |
| 10:00 | Create | Villager (Male) |
| 10:02 | Age | Feudal Age |
| 10:05 | Build | Stable |
| 10:24 | Create | Villager (Male) |
| 10:40 | Create | Villager (Male) |
| 10:49 | Build | Stable |
| 10:51 | Create | Scout Cavalry |
| 10:51 | Create | Scout Cavalry |
| 10:54 | Create | Scout Cavalry |
| 10:54 | Create | Scout Cavalry |
| 11:00 | Build | House |
| 11:02 | Build | House |
| 11:03 | Build | House |
| 11:14 | Build | Palisade Gate |
| 11:18 | Create | Villager (Male) |
| 11:24 | Research | Double-Bit Axe |
| 11:25 | Research | Double-Bit Axe |
| 11:26 | Research | Horse Collar |
| 11:26 | Research | Horse Collar |
| 11:30 | Build | Farm |
| 11:32 | Create | Villager (Male) |
| 11:38 | Create | Villager (Male) |
| 12:25 | Create | Scout Cavalry |
| 12:25 | Create | Scout Cavalry |
| 12:26 | Create | Villager (Male) |
| 12:29 | Build | Farm |
| 12:30 | Build | Farm |
| 12:33 | Build | Farm |
| 12:42 | Create | Villager (Male) |
| 13:05 | Build | Palisade Wall |
| 13:17 | Create | Villager (Male) |
| 13:36 | Build | Palisade Wall |
| 13:37 | Build | Palisade Wall |
| 13:40 | Build | Palisade Wall |
| 13:43 | Create | Villager (Male) |
| 13:45 | Create | Villager (Male) |
| 14:03 | Create | Scout Cavalry |
| 14:04 | Create | Scout Cavalry |
| 14:04 | Create | Scout Cavalry |
| 14:16 | Build | Blacksmith |
| 14:21 | Create | Villager (Male) |
| 14:32 | Create | Villager (Male) |
| 14:52 | Create | Scout Cavalry |
| 14:52 | Create | Scout Cavalry |
| 15:03 | Build | House |
| 15:04 | Build | House |
| 15:12 | Build | Mining Camp |
| 15:40 | Create | Villager (Male) |
| 15:42 | Create | Villager (Male) |
| 15:54 | Create | Villager (Male) |
| 15:56 | Build | House |
| 16:31 | Research | Bloodlines |
| 16:32 | Research | Bloodlines |
| 16:35 | Research | Scale Barding Armor |
| 16:35 | Research | Scale Barding Armor |
| 16:36 | Create | Villager (Male) |
| 16:36 | Create | Villager (Male) |
| 16:41 | Build | House |
| 16:41 | Build | House |
| 16:45 | Build | Farm |
| 16:59 | Create | Villager (Male) |
| 16:59 | Create | Villager (Male) |
| 17:26 | Create | Scout Cavalry |
| 17:26 | Create | Scout Cavalry |
| 17:27 | Create | Scout Cavalry |
| 17:34 | Create | Villager (Male) |
| 17:37 | Build | House |
| 17:40 | Build | Farm |
| 17:43 | Build | Farm |
| 17:43 | Build | Farm |
| 17:44 | Build | Farm |
| 17:44 | Build | Farm |
| 17:44 | Build | Farm |
| 17:44 | Build | Farm |
| 17:45 | Build | Farm |
| 17:49 | Build | Farm |
| 17:49 | Build | Farm |
| 17:49 | Build | Farm |
| 17:50 | Build | Farm |
| 17:50 | Build | Farm |
| 17:50 | Build | Farm |
| 17:51 | Build | Farm |
| 17:53 | Create | Villager (Male) |
| 17:53 | Create | Villager (Male) |
| 17:57 | Create | Scout Cavalry |
| 18:07 | Create | Scout Cavalry |
| 18:08 | Create | Scout Cavalry |
| 18:35 | Create | Villager (Male) |
| 18:35 | Create | Villager (Male) |
| 18:36 | Create | Scout Cavalry |
| 18:36 | Create | Scout Cavalry |
| 18:44 | Create | Villager (Male) |
| 18:46 | Build | Farm |
| 18:54 | Build | Farm |
| 18:55 | Build | Farm |
| 19:21 | Create | Scout Cavalry |
| 19:21 | Create | Scout Cavalry |
| 19:21 | Create | Scout Cavalry |
| 19:21 | Create | Scout Cavalry |
| 19:35 | Build | Farm |
| 19:36 | Build | Farm |
| 19:38 | Create | Villager (Male) |
| 19:42 | Build | Farm |
| 19:44 | Create | Villager (Male) |
| 19:51 | Create | Scout Cavalry |
Build order — NT_Kinzhal1997
First 150 of 255 actions detected
| 0:01 | Create | Villager (Male) |
| 0:01 | Create | Villager (Male) |
| 0:01 | Create | Villager (Male) |
| 0:02 | Create | Villager (Male) |
| 0:04 | Build | House |
| 0:05 | Build | House |
| 1:18 | Create | Villager (Male) |
| 1:18 | Create | Villager (Male) |
| 1:56 | Build | Lumber Camp |
| 2:21 | Create | Villager (Male) |
| 2:22 | Create | Villager (Male) |
| 2:46 | Create | Villager (Male) |
| 2:46 | Create | Villager (Male) |
| 3:03 | Create | Villager (Male) |
| 3:37 | Create | Villager (Male) |
| 3:37 | Create | Villager (Male) |
| 4:08 | Build | House |
| 4:27 | Create | Villager (Male) |
| 4:27 | Create | Villager (Male) |
| 4:59 | Build | Barracks |
| 5:15 | Create | Villager (Male) |
| 5:16 | Create | Villager (Male) |
| 5:50 | Create | Villager (Male) |
| 5:54 | Build | House |
| 6:23 | Research | Loom |
| 6:29 | Build | Mill |
| 6:53 | Build | Mining Camp |
| 7:56 | Research | Feudal Age |
| 7:56 | Research | Feudal Age |
| 8:18 | Create | Militia |
| 8:19 | Create | Militia |
| 8:29 | Create | Villager (Male) |
| 8:38 | Create | Militia |
| 9:27 | Create | Militia |
| 9:27 | Create | Militia |
| 10:06 | Age | Feudal Age |
| 10:08 | Research | Man-at-Arms (upgrade) |
| 10:08 | Research | Man-at-Arms (upgrade) |
| 10:28 | Create | Villager (Male) |
| 10:28 | Create | Villager (Male) |
| 10:34 | Build | Archery Range |
| 10:35 | Build | Archery Range |
| 10:57 | Create | Villager (Male) |
| 11:13 | Create | Villager (Male) |
| 11:31 | Create | Archer |
| 11:31 | Create | Archer |
| 11:38 | Build | House |
| 11:39 | Build | House |
| 12:16 | Create | Villager (Male) |
| 12:16 | Create | Villager (Male) |
| 12:19 | Create | Archer |
| 12:19 | Create | Archer |
| 12:20 | Create | Archer |
| 12:28 | Build | House |
| 12:32 | Create | Archer |
| 12:50 | Build | Farm |
| 12:50 | Build | Farm |
| 12:50 | Build | Farm |
| 12:51 | Build | Farm |
| 13:08 | Create | Archer |
| 13:08 | Create | Archer |
| 13:09 | Create | Archer |
| 13:13 | Build | Farm |
| 13:17 | Build | Farm |
| 13:33 | Create | Villager (Male) |
| 13:33 | Create | Villager (Male) |
| 13:34 | Create | Villager (Male) |
| 13:48 | Create | Archer |
| 13:48 | Create | Archer |
| 13:49 | Create | Archer |
| 14:09 | Create | Archer |
| 14:09 | Create | Archer |
| 14:19 | Create | Villager (Male) |
| 14:19 | Create | Villager (Male) |
| 14:20 | Create | Villager (Male) |
| 14:43 | Create | Archer |
| 15:01 | Create | Villager (Male) |
| 15:08 | Build | Blacksmith |
| 15:15 | Create | Archer |
| 15:16 | Create | Archer |
| 15:16 | Create | Archer |
| 15:31 | Create | Villager (Male) |
| 15:43 | Build | House |
| 15:44 | Build | House |
| 15:47 | Build | House |
| 15:51 | Create | Villager (Male) |
| 15:51 | Create | Villager (Male) |
| 16:11 | Create | Archer |
| 16:11 | Create | Archer |
| 16:12 | Create | Archer |
| 16:17 | Research | Fletching |
| 16:17 | Research | Fletching |
| 16:31 | Create | Archer |
| 16:32 | Create | Archer |
| 16:35 | Create | Villager (Male) |
| 16:35 | Create | Villager (Male) |
| 16:47 | Create | Archer |
| 16:47 | Create | Archer |
| 16:55 | Create | Villager (Male) |
| 17:00 | Research | Padded Archer Armor |
| 17:34 | Create | Archer |
| 17:35 | Create | Archer |
| 17:35 | Create | Archer |
| 17:35 | Create | Archer |
| 17:40 | Create | Villager (Male) |
| 17:40 | Create | Villager (Male) |
| 17:43 | Build | Farm |
| 17:57 | Create | Archer |
| 17:57 | Create | Archer |
| 17:59 | Create | Villager (Male) |
| 18:00 | Create | Villager (Male) |
| 18:02 | Build | Farm |
| 18:16 | Build | House |
| 18:19 | Create | Archer |
| 18:19 | Create | Archer |
| 18:28 | Build | House |
| 18:31 | Build | Palisade Wall |
| 18:36 | Create | Archer |
| 19:29 | Create | Archer |
| 19:29 | Create | Archer |
| 19:29 | Create | Archer |
| 19:33 | Create | Villager (Male) |
| 19:34 | Create | Villager (Male) |
| 19:46 | Create | Archer |
| 19:46 | Create | Archer |
| 19:51 | Build | Farm |
| 19:52 | Create | Villager (Male) |
| 19:54 | Build | House |
| 19:57 | Create | Villager (Male) |
| 20:17 | Create | Villager (Male) |
| 20:42 | Create | Archer |
| 20:42 | Create | Archer |
| 20:42 | Create | Archer |
| 20:43 | Create | Archer |
| 20:53 | Create | Villager (Male) |
| 21:00 | Build | House |
| 21:02 | Build | Palisade Wall |
| 21:05 | Create | Villager (Male) |
| 21:09 | Build | Farm |
| 21:52 | Create | Archer |
| 21:52 | Create | Archer |
| 21:53 | Create | Archer |
| 21:53 | Create | Archer |
| 21:53 | Create | Archer |
| 21:53 | Create | Archer |
| 21:53 | Create | Archer |
| 22:17 | Build | Farm |
| 22:17 | Build | Farm |
| 22:17 | Build | Farm |
| 22:27 | Create | Archer |
Build order — NT_Tiberius
First 150 of 316 actions detected
| 0:00 | Create | Villager (Male) |
| 0:00 | Create | Villager (Male) |
| 0:01 | Create | Villager (Male) |
| 0:01 | Create | Villager (Male) |
| 0:01 | Create | Villager (Male) |
| 0:02 | Build | House |
| 0:04 | Build | House |
| 1:25 | Create | Villager (Male) |
| 1:53 | Build | Lumber Camp |
| 2:06 | Create | Villager (Male) |
| 2:17 | Create | Villager (Male) |
| 2:33 | Create | Villager (Male) |
| 2:33 | Create | Villager (Male) |
| 3:18 | Create | Villager (Male) |
| 3:18 | Create | Villager (Male) |
| 3:29 | Build | House |
| 3:31 | Build | House |
| 3:43 | Create | Villager (Male) |
| 3:43 | Create | Villager (Male) |
| 4:13 | Create | Villager (Male) |
| 4:13 | Create | Villager (Male) |
| 4:56 | Create | Villager (Male) |
| 5:12 | Create | Villager (Male) |
| 5:13 | Create | Villager (Male) |
| 5:25 | Build | Mill |
| 5:28 | Create | Villager (Male) |
| 5:28 | Create | Villager (Male) |
| 5:36 | Create | Villager (Male) |
| 5:37 | Create | Villager (Male) |
| 6:03 | Research | Loom |
| 7:07 | Build | Mining Camp |
| 7:22 | Research | Feudal Age |
| 8:29 | Build | Barracks |
| 9:01 | Create | Villager (Male) |
| 9:12 | Build | House |
| 9:21 | Create | Villager (Male) |
| 9:36 | Age | Feudal Age |
| 9:37 | Build | Archery Range |
| 9:58 | Build | Palisade Gate |
| 10:00 | Build | House |
| 10:01 | Build | House |
| 10:04 | Create | Villager (Male) |
| 10:31 | Build | Archery Range |
| 10:42 | Create | Villager (Male) |
| 11:05 | Create | Archer |
| 11:11 | Create | Archer |
| 11:21 | Create | Villager (Male) |
| 11:30 | Build | House |
| 11:34 | Create | Villager (Male) |
| 11:43 | Build | Blacksmith |
| 11:48 | Create | Archer |
| 12:06 | Create | Archer |
| 12:10 | Create | Villager (Male) |
| 12:13 | Build | House |
| 12:19 | Research | Double-Bit Axe |
| 12:29 | Create | Villager (Male) |
| 12:34 | Build | Palisade Wall |
| 12:36 | Build | Palisade Wall |
| 12:47 | Create | Villager (Male) |
| 12:49 | Research | Fletching |
| 12:49 | Create | Archer |
| 12:53 | Create | Villager (Male) |
| 12:59 | Build | Farm |
| 13:00 | Build | Farm |
| 13:22 | Create | Archer |
| 13:42 | Build | Farm |
| 13:43 | Build | Farm |
| 13:46 | Create | Archer |
| 14:03 | Build | House |
| 14:05 | Build | Palisade Wall |
| 14:06 | Create | Villager (Male) |
| 14:09 | Build | Farm |
| 14:17 | Create | Archer |
| 14:29 | Create | Villager (Male) |
| 14:33 | Build | Farm |
| 14:45 | Create | Villager (Male) |
| 14:47 | Build | Farm |
| 14:50 | Build | Farm |
| 15:10 | Create | Villager (Male) |
| 15:20 | Create | Archer |
| 15:29 | Build | Market |
| 15:31 | Build | House |
| 15:32 | Build | Palisade Wall |
| 15:34 | Create | Villager (Male) |
| 15:36 | Build | Farm |
| 16:07 | Create | Villager (Male) |
| 16:20 | Create | Villager (Male) |
| 16:20 | Create | Villager (Male) |
| 16:30 | Build | Farm |
| 16:46 | Create | Archer |
| 16:46 | Create | Archer |
| 16:56 | Build | House |
| 16:57 | Build | House |
| 16:58 | Build | Palisade Wall |
| 17:08 | Build | Farm |
| 17:08 | Build | Farm |
| 17:08 | Build | Farm |
| 17:09 | Build | Farm |
| 17:16 | Create | Villager (Male) |
| 17:25 | Build | Farm |
| 17:34 | Create | Villager (Male) |
| 18:03 | Create | Villager (Male) |
| 18:07 | Build | House |
| 18:08 | Build | House |
| 18:10 | Build | Farm |
| 18:38 | Create | Villager (Male) |
| 19:00 | Research | Castle Age |
| 19:28 | Research | Padded Archer Armor |
| 19:28 | Create | Archer |
| 19:29 | Create | Archer |
| 19:40 | Create | Archer |
| 19:40 | Create | Archer |
| 19:48 | Research | Horse Collar |
| 19:53 | Create | Archer |
| 19:54 | Create | Archer |
| 20:07 | Create | Archer |
| 20:07 | Create | Archer |
| 20:13 | Research | Gold Mining |
| 20:22 | Build | Farm |
| 20:27 | Create | Archer |
| 20:27 | Create | Archer |
| 20:40 | Create | Archer |
| 20:40 | Create | Archer |
| 20:57 | Build | Archery Range |
| 21:05 | Build | Palisade Gate |
| 21:07 | Build | House |
| 21:11 | Create | Villager (Male) |
| 21:13 | Create | Archer |
| 21:14 | Create | Archer |
| 21:27 | Create | Villager (Male) |
| 21:32 | Build | House |
| 21:33 | Build | House |
| 21:46 | Age | Castle Age |
| 21:49 | Research | Crossbowman (upgrade) |
| 21:50 | Research | Bodkin Arrow |
| 22:06 | Build | Town Center |
| 22:23 | Create | Archer |
| 22:28 | Create | Villager (Male) |
| 22:38 | Build | House |
| 22:44 | Create | Villager (Male) |
| 22:54 | Create | Archer |
| 22:54 | Create | Archer |
| 23:09 | Build | University |
| 23:10 | Build | House |
| 23:21 | Create | Archer |
| 23:21 | Create | Archer |
| 23:22 | Create | Villager (Male) |
| 23:29 | Create | Villager (Male) |
| 23:35 | Create | Archer |
| 23:37 | Build | Farm |
Build order — Fighter Kite
First 150 of 158 actions detected
| 0:03 | Build | House |
| 0:06 | Create | Villager (Male) |
| 0:06 | Create | Villager (Male) |
| 0:07 | Create | Villager (Male) |
| 0:07 | Create | Villager (Male) |
| 0:07 | Create | Villager (Male) |
| 0:35 | Build | House |
| 1:42 | Create | Villager (Male) |
| 1:42 | Create | Villager (Male) |
| 1:59 | Build | Lumber Camp |
| 2:06 | Create | Villager (Male) |
| 2:07 | Create | Villager (Male) |
| 2:28 | Create | Villager (Male) |
| 2:28 | Create | Villager (Male) |
| 3:00 | Create | Villager (Male) |
| 3:00 | Create | Villager (Male) |
| 3:35 | Create | Villager (Male) |
| 3:35 | Create | Villager (Male) |
| 3:38 | Build | House |
| 4:04 | Create | Villager (Male) |
| 4:04 | Create | Villager (Male) |
| 4:04 | Create | Villager (Male) |
| 4:41 | Create | Villager (Male) |
| 4:41 | Create | Villager (Male) |
| 4:46 | Build | Mill |
| 5:24 | Create | Villager (Male) |
| 5:24 | Create | Villager (Male) |
| 5:28 | Create | Villager (Male) |
| 5:28 | Create | Villager (Male) |
| 5:50 | Build | House |
| 5:51 | Build | House |
| 5:57 | Build | House |
| 6:16 | Create | Villager (Male) |
| 6:18 | Create | Villager (Male) |
| 6:18 | Create | Villager (Male) |
| 6:56 | Create | Villager (Male) |
| 7:38 | Create | Villager (Male) |
| 7:51 | Create | Villager (Male) |
| 8:01 | Build | House |
| 8:03 | Build | House |
| 8:52 | Create | Villager (Male) |
| 9:07 | Research | Feudal Age |
| 9:45 | Build | Barracks |
| 10:21 | Build | Palisade Wall |
| 10:41 | Build | Mining Camp |
| 10:52 | Create | Villager (Male) |
| 10:58 | Create | Villager (Male) |
| 11:20 | Build | House |
| 11:24 | Build | Palisade Wall |
| 11:27 | Age | Feudal Age |
| 11:33 | Build | Stable |
| 12:22 | Create | Villager (Male) |
| 12:36 | Build | Blacksmith |
| 13:05 | Create | Villager (Male) |
| 13:09 | Build | House |
| 13:10 | Build | House |
| 13:16 | Research | Castle Age |
| 13:23 | Build | Stable |
| 13:44 | Build | Farm |
| 13:44 | Build | Farm |
| 14:00 | Build | Farm |
| 14:11 | Build | Palisade Wall |
| 14:20 | Build | Palisade Wall |
| 14:22 | Create | Villager (Male) |
| 14:23 | Create | Villager (Male) |
| 14:53 | Create | Spearman |
| 15:30 | Build | Farm |
| 15:30 | Build | Farm |
| 15:38 | Create | Spearman |
| 15:48 | Build | Farm |
| 15:59 | Build | Palisade Wall |
| 16:10 | Age | Castle Age |
| 16:10 | Build | Palisade Wall |
| 16:14 | Create | Steppe Lancer |
| 16:15 | Create | Steppe Lancer |
| 16:19 | Build | Farm |
| 16:34 | Create | Steppe Lancer |
| 16:37 | Build | Farm |
| 16:38 | Build | Farm |
| 16:42 | Build | Farm |
| 16:52 | Build | Farm |
| 17:06 | Create | Villager (Male) |
| 17:33 | Create | Steppe Lancer |
| 18:29 | Create | Camel Scout |
| 18:30 | Create | Camel Scout |
| 19:09 | Create | Knight |
| 19:09 | Create | Knight |
| 19:40 | Create | Villager (Male) |
| 20:06 | Build | Town Center |
| 20:33 | Build | Farm |
| 20:33 | Build | Farm |
| 20:33 | Build | Farm |
| 20:42 | Create | Villager (Male) |
| 21:09 | Create | Villager (Male) |
| 21:10 | Create | Villager (Male) |
| 21:31 | Create | Villager (Male) |
| 21:38 | Create | Knight |
| 21:44 | Create | Villager (Male) |
| 21:45 | Create | Villager (Male) |
| 21:48 | Build | Farm |
| 22:08 | Create | Villager (Male) |
| 22:22 | Create | Villager (Male) ×2 |
| 22:27 | Build | Farm |
| 22:41 | Create | Villager (Male) |
| 23:01 | Create | Villager (Male) ×2 |
| 23:15 | Create | Villager (Male) |
| 23:22 | Build | Farm |
| 23:22 | Build | Farm |
| 23:22 | Build | Farm |
| 23:25 | Create | Villager (Male) |
| 23:54 | Create | Villager (Male) ×3 |
| 24:11 | Build | Farm |
| 24:13 | Create | Villager (Male) |
| 24:14 | Create | Villager (Male) |
| 24:23 | Build | House |
| 24:25 | Build | House |
| 24:42 | Create | Villager (Male) |
| 25:05 | Create | Villager (Male) |
| 25:05 | Create | Villager (Male) |
| 25:12 | Research | Double-Bit Axe |
| 25:52 | Create | Villager (Male) |
| 25:52 | Create | Villager (Male) |
| 25:53 | Create | Villager (Male) |
| 25:54 | Create | Villager (Male) |
| 26:02 | Create | Camel Scout |
| 26:02 | Create | Camel Scout |
| 26:13 | Create | Villager (Male) |
| 26:26 | Create | Villager (Male) ×4 |
| 26:38 | Build | Town Center |
| 27:09 | Build | Town Center |
| 27:13 | Create | Villager (Male) ×5 |
| 27:31 | Build | House |
| 27:32 | Build | House |
| 27:44 | Build | House |
| 27:45 | Build | House |
| 27:51 | Build | Palisade Wall |
| 28:05 | Build | House |
| 28:42 | Build | Farm |
| 28:42 | Build | Farm |
| 28:42 | Build | Farm |
| 28:42 | Build | Farm |
| 29:00 | Research | Loom |
| 29:30 | Research | Wheelbarrow |
| 29:32 | Create | Villager (Male) |
| 29:32 | Create | Villager (Male) |
| 30:10 | Build | Farm |
| 30:22 | Build | House |
| 30:23 | Build | House |
| 30:31 | Build | Palisade Wall |
| 32:45 | Build | Lumber Camp |
Build order — MCLovin
First 150 of 259 actions detected
| 0:01 | Create | Villager (Male) |
| 0:01 | Create | Villager (Male) |
| 0:02 | Create | Villager (Male) |
| 0:02 | Create | Villager (Male) |
| 0:02 | Create | Villager (Male) |
| 0:02 | Create | Villager (Male) |
| 0:04 | Build | House |
| 0:06 | Build | House |
| 1:29 | Create | Villager (Male) |
| 1:30 | Create | Villager (Male) |
| 1:44 | Build | Lumber Camp |
| 2:09 | Create | Villager (Male) |
| 2:09 | Create | Villager (Male) |
| 2:24 | Create | Villager (Male) |
| 2:24 | Create | Villager (Male) |
| 2:55 | Create | Villager (Male) |
| 2:55 | Create | Villager (Male) |
| 3:14 | Create | Villager (Male) |
| 3:14 | Create | Villager (Male) |
| 3:19 | Build | House |
| 3:47 | Create | Villager (Male) |
| 3:51 | Build | Mill |
| 4:53 | Create | Villager (Male) |
| 4:53 | Create | Villager (Male) |
| 4:54 | Create | Villager (Male) |
| 4:54 | Create | Villager (Male) |
| 4:54 | Create | Villager (Male) |
| 4:55 | Create | Villager (Male) |
| 5:25 | Create | Villager (Male) |
| 6:17 | Research | Loom |
| 6:53 | Research | Feudal Age |
| 7:34 | Build | House |
| 7:48 | Build | House |
| 7:51 | Build | Palisade Wall |
| 8:56 | Age | Feudal Age |
| 9:00 | Research | Double-Bit Axe |
| 9:09 | Build | Barracks |
| 9:27 | Create | Villager (Male) |
| 9:27 | Create | Villager (Male) |
| 10:00 | Build | Stable |
| 10:03 | Create | Villager (Male) |
| 10:20 | Build | House |
| 10:29 | Build | Blacksmith |
| 10:32 | Create | Villager (Male) |
| 10:59 | Create | Scout Cavalry |
| 10:59 | Create | Scout Cavalry |
| 11:15 | Create | Villager (Male) |
| 11:15 | Create | Villager (Male) |
| 11:15 | Create | Villager (Male) |
| 11:25 | Build | Farm |
| 11:25 | Build | Farm |
| 11:26 | Build | Farm |
| 11:26 | Build | Farm |
| 11:26 | Build | Farm |
| 11:33 | Create | Scout Cavalry |
| 11:46 | Research | Scale Barding Armor |
| 11:56 | Build | Farm |
| 11:56 | Build | Farm |
| 11:56 | Build | Farm |
| 11:56 | Build | Farm |
| 12:11 | Build | Farm |
| 12:38 | Create | Scout Cavalry |
| 12:50 | Create | Villager (Male) |
| 12:58 | Build | Farm |
| 13:01 | Build | Farm |
| 13:02 | Create | Villager (Male) |
| 13:09 | Build | House |
| 13:12 | Build | Palisade Wall |
| 13:14 | Build | Palisade Wall |
| 13:17 | Create | Villager (Male) |
| 13:19 | Build | Farm |
| 13:44 | Research | Forging |
| 14:06 | Create | Scout Cavalry |
| 14:06 | Create | Scout Cavalry |
| 14:08 | Create | Villager (Male) |
| 14:09 | Create | Villager (Male) |
| 14:11 | Build | Farm |
| 14:11 | Build | Farm |
| 14:11 | Build | Farm |
| 14:11 | Build | Farm |
| 14:12 | Build | Farm |
| 14:12 | Build | Farm |
| 14:25 | Create | Scout Cavalry |
| 14:27 | Create | Villager (Male) |
| 14:27 | Create | Villager (Male) |
| 14:33 | Build | House |
| 14:42 | Build | Farm |
| 14:54 | Create | Villager (Male) |
| 14:59 | Build | Farm |
| 15:07 | Create | Scout Cavalry |
| 15:15 | Build | House |
| 15:17 | Build | House |
| 15:34 | Create | Villager (Male) |
| 15:38 | Build | Farm |
| 15:44 | Create | Villager (Male) |
| 15:48 | Build | House |
| 16:11 | Build | Mining Camp |
| 16:12 | Create | Villager (Male) |
| 16:12 | Create | Villager (Male) |
| 16:31 | Create | Scout Cavalry |
| 16:37 | Create | Villager (Male) |
| 16:42 | Build | Farm |
| 16:47 | Build | Farm |
| 16:49 | Build | Farm |
| 17:24 | Create | Scout Cavalry |
| 17:25 | Create | Scout Cavalry |
| 17:30 | Create | Villager (Male) |
| 17:38 | Build | House |
| 17:39 | Build | House |
| 18:00 | Create | Scout Cavalry |
| 18:16 | Build | House |
| 18:20 | Build | Palisade Wall |
| 18:30 | Create | Villager (Male) |
| 18:35 | Build | Farm |
| 18:38 | Build | Farm |
| 18:50 | Research | Bloodlines |
| 19:33 | Create | Villager (Male) |
| 19:38 | Build | Stable |
| 19:53 | Create | Villager (Male) |
| 20:02 | Create | Scout Cavalry |
| 20:37 | Research | Castle Age |
| 20:38 | Research | Castle Age |
| 20:38 | Research | Castle Age |
| 21:13 | Create | Scout Cavalry |
| 21:14 | Create | Scout Cavalry |
| 21:20 | Research | Horse Collar |
| 21:31 | Build | House |
| 21:33 | Create | Scout Cavalry |
| 21:58 | Build | Palisade Gate |
| 22:08 | Research | Gold Mining |
| 22:26 | Create | Scout Cavalry |
| 22:26 | Create | Scout Cavalry |
| 23:03 | Age | Castle Age |
| 23:05 | Create | Knight |
| 23:05 | Create | Knight |
| 23:13 | Create | Villager (Male) |
| 23:21 | Build | Town Center |
| 23:23 | Research | Bow Saw |
| 23:52 | Create | Knight |
| 23:52 | Create | Knight |
| 24:24 | Create | Knight |
| 24:24 | Create | Knight |
| 24:28 | Create | Villager (Male) |
| 24:28 | Create | Villager (Male) |
| 24:53 | Create | Knight |
| 24:53 | Create | Knight |
| 25:06 | Create | Knight |
| 25:06 | Create | Knight |
| 25:18 | Create | Villager (Male) |
| 25:19 | Create | Villager (Male) |
Match timeline
| 4:59 | NT_Kinzhal1997 · first_building Barracks |
| 5:50 | Zargo · wall_segment Palisade Wall x9 |
| 7:51 | MCLovin · wall_segment Palisade Wall x4 |
| 7:57 | Zargo · wall_segment Palisade Wall x1 |
| 8:27 | Zargo · first_building Barracks |
| 8:29 | NT_Tiberius · first_building Barracks |
| 8:36 | Muniz · first_building Barracks |
| 8:56 | MCLovin · age_up feudal |
| 8:58 | Zargo · wall_segment Palisade Wall x11 |
| 9:09 | MCLovin · first_building Barracks |
| 9:19 | Rosse SinClan · first_building Barracks |
| 9:21 | Muniz · wall_segment Palisade Wall x8 |
| 9:36 | NT_Tiberius · age_up feudal |
| 9:37 | NT_Tiberius · first_building Archery Range |
| 9:40 | Zargo · age_up feudal |
| 9:44 | Rosse SinClan · age_up feudal |
| 9:45 | Fighter Kite · first_building Barracks |
| 9:58 | Rosse SinClan · first_building Stable |
| 10:00 | MCLovin · first_building Stable |
| 10:01 | Andytime · first_building Barracks |
| 10:02 | Muniz · age_up feudal |
| 10:05 | Muniz · first_building Stable |
| 10:06 | NT_Kinzhal1997 · age_up feudal |
| 10:07 | Zargo · first_building Archery Range |
| 10:21 | Fighter Kite · wall_segment Palisade Wall x7 |
| 10:28 | Zargo · wall_segment Palisade Wall x1 |
| 10:30 | Zargo · wall_segment Palisade Wall x1 |
| 10:31 | Zargo · wall_segment Palisade Wall x1 |
| 10:34 | NT_Kinzhal1997 · first_building Archery Range |
| 10:37 | Zargo · wall_segment Palisade Wall x1 |
| 10:38 | Zargo · wall_segment Palisade Wall x1 |
| 10:44 | Zargo · wall_segment Palisade Wall x1 |
| 10:58 | Zargo · wall_segment Palisade Wall x1 |
| 11:03 | Zargo · wall_segment Palisade Wall x1 |
| 11:08 | Andytime · wall_segment Palisade Wall x1 |
| 11:24 | Fighter Kite · wall_segment Palisade Wall x10 |
| 11:27 | Fighter Kite · age_up feudal |
| 11:33 | Fighter Kite · first_building Stable |
| 11:52 | Rosse SinClan · wall_segment Palisade Wall x13 |
| 12:26 | Andytime · age_up feudal |
| 12:34 | NT_Tiberius · wall_segment Palisade Wall x7 |
| 12:35 | Andytime · first_building Archery Range |
| 12:36 | NT_Tiberius · wall_segment Palisade Wall x1 |
| 12:56 | Rosse SinClan · wall_segment Palisade Wall x6 |
| 12:57 | Rosse SinClan · wall_segment Palisade Wall x3 |
| 12:59 | Rosse SinClan · wall_segment Palisade Wall x9 |
| 13:05 | Muniz · wall_segment Palisade Wall x16 |
| 13:12 | MCLovin · wall_segment Palisade Wall x1 |
| 13:14 | MCLovin · wall_segment Palisade Wall x14 |
| 13:19 | Zargo · wall_segment Palisade Wall x12 |
| 13:36 | Muniz · wall_segment Palisade Wall x8 |
| 13:37 | Muniz · wall_segment Palisade Wall x1 |
| 13:40 | Muniz · wall_segment Palisade Wall x7 |
| 14:05 | NT_Tiberius · wall_segment Palisade Wall x15 |
| 14:11 | Fighter Kite · wall_segment Palisade Wall x6 |
| 14:20 | Fighter Kite · wall_segment Palisade Wall x6 |
| 15:12 | Zargo · wall_segment Palisade Wall x1 |
| 15:14 | Zargo · wall_segment Palisade Wall x9 |
| 15:32 | NT_Tiberius · wall_segment Palisade Wall x1 |
| 15:59 | Fighter Kite · wall_segment Palisade Wall x6 |
| 16:10 | Fighter Kite · age_up castle |
| 16:10 | Fighter Kite · wall_segment Palisade Wall x12 |
| 16:17 | Andytime · age_up castle |
| 16:58 | NT_Tiberius · wall_segment Palisade Wall x8 |
| 18:20 | MCLovin · wall_segment Palisade Wall x16 |
| 18:29 | NT_Tiberius · first_market_buy 100 food |
| 18:31 | NT_Kinzhal1997 · wall_segment Palisade Wall x7 |
| 18:41 | Zargo · wall_segment Palisade Wall x1 |
| 19:43 | Rosse SinClan · first_market_sell 100 food |
| 21:02 | NT_Kinzhal1997 · wall_segment Palisade Wall x10 |
| 21:46 | NT_Tiberius · age_up castle |
| 22:24 | Rosse SinClan · age_up castle |
| 22:33 | Andytime · first_building Stable |
| 23:01 | NT_Kinzhal1997 · wall_segment Palisade Wall x15 |
| 23:03 | MCLovin · age_up castle |
| 23:50 | Zargo · age_up castle |
| 25:32 | Rosse SinClan · first_market_buy 100 food |
| 26:10 | Muniz · age_up castle |
| 27:06 | Zargo · wall_segment Palisade Wall x1 |
| 27:14 | Zargo · wall_segment Palisade Wall x1 |
| 27:38 | NT_Tiberius · first_building Siege Workshop |
| 27:48 | Andytime · wall_segment Palisade Wall x1 |
| 27:51 | Fighter Kite · wall_segment Palisade Wall x1 |
| 27:53 | Andytime · wall_segment Palisade Wall x1 |
| 27:55 | Andytime · wall_segment Palisade Wall x1 |
| 28:30 | MCLovin · wall_segment Palisade Wall x7 |
| 30:11 | NT_Kinzhal1997 · age_up castle |
| 30:31 | Fighter Kite · wall_segment Palisade Wall x2 |
| 31:13 | NT_Kinzhal1997 · first_market_sell 100 food |
| 33:38 | NT_Tiberius · first_building Castle |
| 33:57 | NT_Tiberius · first_market_sell 100 food |
| 34:37 | MCLovin · first_market_buy 100 wood |
| 35:34 | Andytime · first_building Castle |
| 35:53 | MCLovin · first_building Castle |
| 36:09 | NT_Kinzhal1997 · first_market_buy 100 food |
| 36:40 | Andytime · resign |
| 37:11 | NT_Tiberius · age_up imperial |
| 37:14 | Zargo · first_market_sell 100 food |
| 37:19 | Zargo · first_market_buy 100 stone |
| 37:23 | Zargo · first_building Castle |
| 37:45 | Zargo · first_building Siege Workshop |
| 38:15 | NT_Kinzhal1997 · first_building Siege Workshop |
| 38:30 | Muniz · first_market_sell 100 food |
[ AI ANALYSIS · 1 CREDIT ]
What really happened in this match?
Wolo.gg analyzes every decision: build order, eco, micro, common mistakes by bracket. Personalized analysis on WhatsApp or Discord in 30 seconds.
Civ guide
Burgundians
Map guide
Ghost Lake
Perfil
Andytime